 Dungeon Crawl Stone Soup version 0.18-a0-49-gd105b5a (webtiles) character file.

814 Duffy the Cleaver (level 7, -2/43 HPs)
             Began as a Tengu Fighter on Nov 7, 2015.
             Was a Follower of Cheibriados.
             Slain by a wight
             ... wielding a +3 morningstar
              (5 damage)
             ... on level 5 of the Dungeon.
             The game lasted 00:09:11 (5082 turns).

Duffy the Cleaver (Tengu Fighter)                   Turns: 5082, Time: 00:09:11

Health: -2/43      AC:  6    Str: 21    XL:     7   Next: 93%
Magic:  14/17      EV:  8    Int: 10    God:    Cheibriados [*.....]
Gold:   186        SH:  9    Dex: 15    Spells: 0 memorised, 6 levels left

rFire  . . .     SeeInvis .     a - +0 war axe
rCold  . . .     Clarity  .     r - +0 scale mail
rNeg   . . .     SustAt   .     c - +0 shield
rPois  .         Gourm    .     (helmet restricted)
rElec  .         Spirit   .     (no cloak)
rCorr  .         Warding  .     (no gloves)
rMut   .         Stasis   .     (boots unavailable)
MR     .....                    (no amulet)
Stlth  +.........               x - ring of magical power
                                E - ring of stealth

@: flying quickly and evasively, drained, very slow, not resistant to hostile
enchantments, very unstealthy
A: beak, talons 3, able to fly 1
a: Bend Time, Renounce Religion


You were on level 5 of the Dungeon.
You worshipped Cheibriados.
Cheibriados was aware of your devotion.
You were not hungry.

You visited 2 branches of the dungeon, and saw 6 of its levels.
You also visited: Ossuary.

You collected 210 gold pieces.
You spent 24 gold pieces at shops.


Innate Abilities, Weirdness & Mutations

You have a beak for a mouth.
You have claws for feet.
You can fly.


   Skills:
 - Level 4.0(3.3) Fighting
 + Level 8.8(8.0) Axes
 + Level 4.2(3.5) Armour
 - Level 3.0(2.3) Shields


You had 6 spell levels left.
You didn't know any spells.

Inventory:

Hand Weapons
 a - a +0 war axe (weapon)
 b - a +0 blowgun
 i - a +2 dagger of venom
Missiles
 y - 5 poisoned needles
 G - 5 throwing nets (quivered)
 H - 2 curare-tipped needles
Armour
 c - a +0 shield (worn)
 r - a +0 scale mail (worn)
 D - a +0 plate armour
Jewellery
 x - a ring of magical power (right hand)
 E - a ring of stealth (left hand)
Wands
 q - a wand of digging (12)
Scrolls
 f - 2 scrolls of fear {unknown}
 h - 3 scrolls of remove curse
 j - 2 scrolls of teleportation {unknown}
 k - a scroll of amnesia {unknown}
 l - a scroll of magic mapping {unknown}
 t - a scroll of enchant weapon {unknown}
 u - 2 scrolls of noise {unknown}
 v - a scroll of recharging {unknown}
 w - a scroll of enchant armour {unknown}
 F - a scroll of blinking {unknown}
 J - 2 scrolls of holy word {unknown}
 K - a scroll of random uselessness {unknown}
Potions
 d - 2 potions of might
 m - 2 potions of brilliance
 o - a potion of agility {unknown}
 p - 2 potions of flight
 s - 3 potions of heal wounds
 z - a potion of resistance
 C - a potion of degeneration {unknown}
 I - 2 potions of ambrosia
 L - a potion of mutation {unknown}
 M - 2 potions of lignification {unknown}
Books
 n - a book of Hinderance
Comestibles
 e - 4 bread rations
 g - 4 beef jerkies
 A - a royal jelly
 B - 3 fruits

Dungeon Overview and Level Annotations

Branches:
Dungeon (5/15)             Temple (1/1) D:4

Altars:
Cheibriados
Elyvilon
Fedhas
Gozag
Kikubaaqudgha
Makhleb
Nemelex Xobeh
Qazlal
Ru
Vehumet
Xom
Yredelemnul
Zin

Shops:
D:5 *


Message History

The wight is heavily damaged.
You block the wight's attack.
You hit the wight. Your kick misses the wight. You peck the wight.
The wight is severely damaged.
You hit the wight. Your kick misses the wight. Your peck misses the wight.
The wight is almost destroyed.
The wight hits you with an enchanted morningstar!
You feel drained.
Your shield and scale mail prevent you from hitting the wight.
Your kick misses the wight. You peck the wight, but do no damage.
The wight is almost destroyed.
The wight hits you with an enchanted morningstar!
You are too injured to fight recklessly!
You are too injured to fight recklessly!
You barely miss the wight.
The wight is almost destroyed.
You block the wight's attack.
You swoop lightly up into the air.
You feel very comfortable in the air.
You feel somewhat more hungry. You block the wight's attack.
You closely miss the wight. You claw the wight, but do no damage.
The wight is almost destroyed.
The wight hits you but does no damage.
You closely miss the wight. You claw the wight.
The wight is almost destroyed.
The wight hits you with an enchanted morningstar!
Your shield prevents you from hitting the wight.
You claw the wight, but do no damage. You peck the wight, but do no damage.
The wight is almost destroyed.
The wight barely misses you.
Your shield and scale mail prevent you from hitting the wight.
Your kick misses the wight. You peck the wight, but do no damage.
The wight is almost destroyed.
The wight hits you with an enchanted morningstar!
You feel drained.
You die...

#.# #.##.#####.##.####...
#.#########.##.#####......
...
#....[......##..)..#.##.###
... ##############.###.#.##
## #.# #....#... #.#
#........ #.# #....###.
#.###.#.## #.@z..###
####..# #=.# #.!# #..# #..#
#..# ...# .# ## .# #.#


You could see a wight.

Action                   |  1- 3 |  4- 6 |  7- 9 || total
-------------------------+-------+-------+-------++-------
Melee: War axe           |    70 |    91 |    85 ||   246
       Dagger            |     7 |    27 |       ||    34
 Fire: Blowgun           |       |     6 |     3 ||     9
 Abil: Fly               |       |     1 |     1 ||     2
  Use: Scroll            |       |     7 |     1 ||     8
       Potion            |       |     1 |     1 ||     2
 Stab: Distracted        |       |       |     1 ||     1
       Sleeping          |       |       |     1 ||     1
  Eat: Chunk             |       |    10 |       ||    10
       Pizza             |       |       |     2 ||     2

Notes
Turn   | Place    | Note
--------------------------------------------------------------
     0 | D:1      | Duffy the Tengu Fighter began the quest for the Orb.
     0 | D:1      | Reached XP level 1. HP: 14/14 MP: 2/2
   269 | D:1      | Reached XP level 2. HP: 19/19 MP: 3/3
   714 | D:1      | Reached skill level 3 in Axes
   913 | D:1      | Reached XP level 3. HP: 23/23 MP: 4/4
  1097 | D:2      | Noticed Ijyb
  1108 | D:2      | Killed Ijyb
  1199 | D:2      | Reached XP level 4. HP: 29/29 MP: 5/5
  1859 | D:3      | Reached skill level 4 in Fighting
  1859 | D:3      | Reached skill level 4 in Axes
  2661 | D:4      | Gained mutation: You can fly. [Tengu growth]
  2661 | D:4      | Reached XP level 5. HP: 26/33 MP: 6/6
  2824 | D:4      | Found a staircase to the Ecumenical Temple.
  2830 | Temple   | Entered the Ecumenical Temple
  2916 | Temple   | Became a worshipper of Cheibriados the Contemplative
  2989 | D:4      | Noticed an ogre
  3000 | D:4      | Killed an ogre
  3000 | D:4      | Reached skill level 5 in Axes
  3014 | D:4      | Reached XP level 6. HP: 19/38 MP: 7/7
  3279 | D:4      | Reached skill level 6 in Axes
  3304 | D:4      | Found a shimmering altar of Xom.
  3681 | D:5      | Entered Level 5 of the Dungeon
  3681 | D:5      | Found Wuokkaon's General Store.
  3690 | D:5      | Bought a scroll of identify for 24 gold pieces
  3723 | D:5      | Reached skill level 7 in Axes
  3935 | D:5      | Reached XP level 7. HP: 22/43 MP: 8/8
  4121 | D:5      | Found a sand-covered staircase.
  4125 | Ossuary  | Entered an ossuary
  4309 | Ossuary  | Reached skill level 8 in Axes
  4419 | Ossuary  | Reached * piety under Cheibriados
  4852 | D:5      | Reached skill level 4 in Armour
  5082 | D:5      | Slain by a wight

Vault maps used:
D:1:      nicolae_arrival_washed_ashore, minmay_quantized
D:2:      uniq_iyjb
D:4:      xom_teletrap_fun, minmay_temple_entry_hall, first_bread
D:5:      serial_shops, nicolae_shop_trees, enter_ossuary_5,
          grunt_decor_one_mirror
Temple:   circular_temple_12
Ossuary:  ossuary_the_hunt_dpeg

Vanquished Creatures
  A centaur
  An ogre
  3 wights
  4 centaur zombies
  A centaur skeleton Ijyb
  6 worker ants
  A big kobold zombie
  4 mummies
  3 gnolls
  An adder
  3 giant geckos
  11 orcs
  6 giant cockroaches
  7 hobgoblins
  A quokka
  A ball python
  10 bats
  8 giant newts
  4 goblins
  3 hobgoblin zombies
  8 kobolds
  A rat
89 creatures vanquished.
